 Dungeon Crawl Stone Soup version 0.13-a0-2923-g04ac8d1 (webtiles) character file.

3234702 oinker the Heavyweight Champion (level 27, 57/292 (302) HPs)
             Began as a Troll Hunter on Aug 28, 2013.
             Was a High Priest of the Shining One.
             Escaped with the Orb
             ... and 6 runes on Sept 2, 2013!
             The game lasted 14:03:08 (107111 turns).

oinker the Heavyweight Champion (Troll Hunter)    Turns: 107111, Time: 14:03:09

HP  57/292 (302) AC 38     Str 26 (30) XL: 27
MP  29/40        EV  9     Int  2 (4)  God: the Shining One [*****.]
Gold 5651        SH 51     Dex 16      Spells:  0 memorised, 26 levels left

Res.Fire  : + . .   See Invis. : +     - Unarmed
Res.Cold  : + + .   Warding    : .   K - +9 gold dragon armour (curse)
Life Prot.: + + +   Conserve   : .   a - +8 large shield of Ignorance {rN+ AC+2 EV+
Res.Poison: +       Res.Corr.  : .   H - +0 mask of the Dragon {MR+ Acc+3 Dam+3 SIn Res.Elec. : . Clarity : . u - -3 cloak of Fallacy {rC+ Acc+4 Stlth+}
Sust.Abil.: + .     Spirit.Shd : .   (gloves unavailable)
Res.Mut.  : +       Stasis     : .   (boots unavailable)
Res.Rott. : .       Flight     : .   D - amulet of resist mutation
Gourmand  : +                        Y - cursed ring "Tuejeaz" {MR++ Str+2 Dex-3 In f - ring of sustain abilities

@: glowing, incredibly resistant to hostile enchantments, extremely unstealthy
A: unfitting armour, claws 3, berserk 1, carnivore 1, fast metabolism 3,
gourmand, regeneration 2, saprovore 2, tough skin 2, AC +5
a: Divine Shield, Cleansing Flame, Summon Divine Warrior, Renounce Religion
}: 6/15 runes: barnacled, slimy, silver, iron, obsidian, gossamer


You escaped.
You worshipped the Shining One. the Shining One was exalted by your worship.
You were very full.

You visited 13 branches of the dungeon, and saw 88 of its levels.
You visited the Abyss 2 times.
You also visited: Labyrinth, Trove and Ossuary.

You collected 12047 gold pieces.
You spent 6416 gold pieces at shops.

Inventory:

Hand weapons
 O - the +3,+6 long sword "Cedghodeo" {slice, Int+3}
   (You found it on level 10 of the Dungeon)

   It inflicts extra damage upon your enemies.
   It affects your intelligence (+3).
Armour
 a - the +8 large shield of Ignorance (worn) {rN+ AC+2 EV+2 Int-6 Curse}
   (You acquired it on level 4 of the Shoals)

   It affects your AC (+2).
   It affects your evasion (+2).
   It affects your intelligence (-6).
   It protects you from negative energy.
   It may recurse itself.
 u - the -3 cloak of Fallacy (worn) {rC+ Acc+4 Stlth+}
   (You found it on level 3 of the Vaults)

   It affects your accuracy (+4).
   It protects you from cold.
   It makes you much more stealthy.
 z - the cursed +2 cloak of Jytamaivuf {Dex+3 Int+3 Curse}
   (You found it on level 1 of the Elven Halls)

   It affects your intelligence (+3).
   It affects your dexterity (+3).
   It may recurse itself.
   It has a curse placed upon it.
 H - the +0 mask of the Dragon (worn) {MR+ Acc+3 Dam+3 SInv}
   (You found it on level 3 of the Elven Halls)

   It affects your accuracy (+3).
   It affects your damage-dealing abilities (+3).
   It affects your resistance to hostile enchantments.
   It enhances your eyesight.
 K - a cursed +9 gold dragon armour (worn)
Magical devices
 d - a wand of fire (5)
 h - a wand of digging (0)
 i - a wand of lightning (6)
 m - a wand of disintegration (5)
 w - a wand of teleportation (1)
 B - a wand of hasting (4)
 P - a wand of teleportation (5)
 T - a wand of disintegration (7)
 X - a wand of fire (5)
Comestibles
 U - 16 bread rations
Jewellery
 f - a ring of sustain abilities (left claw)
 q - the cursed amulet "Vul Yv Jer" {rCorr rF+}
   (You found it on level 9 of the Dungeon)

   [amulet of resist corrosion]

   It protects you from fire.
   It has a curse placed upon it.
 C - the ring "Xolela" {rC+ Str+1 Dex+1}
   (You found it on level 7 of the Dungeon)

   [ring of protection from cold]

   It affects your strength (+1).
   It affects your dexterity (+1).
 D - an amulet of resist mutation (around neck)
 L - the ring "Bunul" {rElec rF++ MR Dex+3}
   (You took it off a centaur warrior on level 17 of the Dungeon)

   [ring of protection from magic]

   It affects your dexterity (+3).
   It greatly protects you from fire.
   It insulates you from electricity.
 Y - the cursed ring "Tuejeaz" (right claw) {MR++ Str+2 Dex-3 Int+3 SInv}
   (You found it on level 3 of the Elven Halls)

   [ring of see invisible]

   It affects your strength (+2).
   It affects your intelligence (+3).
   It affects your dexterity (-3).
   It affects your resistance to hostile enchantments.
   It has a curse placed upon it.
Potions
 k - a potion of curing
Orbs of Power
 c - the Orb of Zot
Miscellaneous
 b - a phial of floods (inert)
 e - a lamp of fire
 g - a lamp of fire
 j - a lamp of fire
 l - a phial of floods (inert)
 o - a lamp of fire
 E - a phial of floods
 G - a phial of floods
 I - a fan of gales
 J - a lamp of fire
 M - a fan of gales
 Z - a phial of floods
Rods
 N - a +0 rod of frigid destruction (12/12)
   (You found it on level 14 of the Dungeon)


   Skills:
 + Level 22.2 Fighting
 - Level 14.3 Throwing
 - Level 18.0 Armour
 - Level 15.0 Dodging
 - Level 0.4 Stealth
 - Level 15.0 Shields
 O Level 27 Unarmed Combat
 - Level 11.0 Invocations
 * Level 20.9 Evocations


You had 26 spell levels left.
You didn't know any spells.

Dungeon Overview and Level Annotations

Branches:
Dungeon (27/27)            Temple (0/1) D:6             Orc (4/4) D:9
    Elf (3/3) Orc:4          Lair (8/8) D:12         Shoals (5/5) Lair:4
 Spider (5/5) Lair:5        Slime (6/6) Lair:8       Vaults (5/5) D:19
  Blade (0/1) Vaults:4      Crypt (5/5) Vaults:2       Tomb (0/3) Crypt:2
    Dis (7/7) Hell            Geh (7/7) Hell            Tar (0/7) Hell
    Zot (5/5) D:27
    Coc: Hell:1

Altars:
Ashenzari
Cheibriados
Elyvilon
Fedhas
Okawaru
Sif Muna
Trog
Vehumet
Yredelemnul
Zin
the Shining One
Beogh
Jiyva
Lugonu

Shops:
D:9 [   D:11 [(   D:21 !*=+   D:24 +*(*   D:26 *[!%   Orc:4 +?([   Elf:2 [}(/
Shoals:4 *   Vaults:1 [

Portals:
Hell: D:21 D:22 D:23 D:24 D:25* D:26 D:27
Abyss: D:23 D:25
Pandemonium: D:24 D:26

Annotations:
D:17 exclusion: Roxanne, Roxanne
D:18 exclusion: silver statue
Lair:1 exclusion: oklob plant


Innate Abilities, Weirdness & Mutations

You are too large for most types of armour.
You have claws for hands.
Your metabolism is lightning-fast.
You like to eat raw meat.
You heal very quickly.
You can eat rotten meat.
You are covered in fur (AC +1).
You have very tough skin (AC +2).
You are partially covered in iridescent scales (AC +4).
You tend to lose your temper in combat.
Your digestive system is specialised to digest meat.


Message History

The Executioner hits you!
* * * LOW HITPOINT WARNING * * *
The Executioner hits you but does no damage.
You block the neqoxec's attack. You block the Executioner's attack.
You block the Executioner's attack.
There is a staircase leading out of the dungeon, spattered with blood here.
You block the Executioner's attack.
The Executioner hits you but does no damage.
You block the Executioner's attack.
The Executioner hits you but does no damage.
The neqoxec hits you but does no damage.
You block the smoke demon's attack. The smoke demon hits you.
* * * LOW HITPOINT WARNING * * *
The smoke demon barely misses you.
Your water elemental hits the Brimstone Fiend.
Your water elemental engulfs the Brimstone Fiend in water!
The Executioner hits you.
* * * LOW HITPOINT WARNING * * *
The Executioner hits you but does no damage.
You have escaped!

#..%'...'.⌠.#...# #.##
#...#...#...#...# #.##
##'###'#######'## #...
#...#...#...#.≈≈##########.
#.⌠.#...'...#≈≈≈'......#..#
#...#...#...#≈≈≈######.#.##
##'###'###.#E#)## #..#..
#...#...#..EEE≈≈# #.##..
#...#..)'.@.1EE≈# ##.#..
#.......#133....# ##.##
##'#######2#%#'## #..#
#...#...#.4.....# ###.
#...'.⌠.'.⌠.).⌠.# ##
#...#...#..%....#
############%#).#
#......>#...# ########
#.#####.#...## #......#


You could see a Brimstone Fiend, a hell beast, an Executioner, a sixfirhy, a
smoke demon, a neqoxec and 6 friendly water elementals.

Vanquished Creatures
  Asmodeus (Geh:7)
  Dispater (Dis:7)
  3 orbs of fire (Zot:5)
  5 pandemonium lords
  2 ancient liches
  Khufu (Crypt:4)
  A greater mummy (Crypt:4)
  Saint Roka (D:27)
  Boris (twice) (D:25 Crypt:4)
  Sojobo (Crypt:4)
  Norris (Shoals:4)
  2 Killer Klowns (Zot:5)
  Mara (D:19)
  Mennas (Vaults:4)
  2 profane servitors
  A curse toe (Crypt:5)
  5 golden dragons
  4 electric golems
  Jory (Crypt:5)
  13 bone dragons
  An illusory Mara (D:19)
  Frederick (Vaults:4)
  Nikola (D:17)
  13 Brimstone Fiends
  10 Hell Sentinels
  2 Ice Fiends (Dis:7)
  6 liches
  34 Orb Guardians
  9 tentacled monstrosities
  2 hellephants (Abyss:5)
  Murray (Hell)
  5 titans
  19 acid blobs
  2 Shadow Fiends
  A deep elf master archer (Elf:3)
  A quicksilver dragon (Dis:7)
  11 storm dragons
  5 Executioners
  10 tengu reavers
  Rupert (Elf:3)
  Agnes (Vaults:2)
  8 shadow dragons
  3 ancient champions
  Kirke (Elf:3)
  A sphinx (D:24)
  5 draconian monks
  15 tentacled starspawn (Abyss:5)
  Ilsuiw (Shoals:5)
  3 revenants
  7 fire giants
  A ghoul (Crypt:4)
  8 deep elf sorcerers
  Wiglaf (Crypt:3)
  7 ghost moths
  17 vault wardens
  5 frost giants
  17 azure jellies
  8 iron dragons (Dis:7)
  3 draconian scorchers
  3 draconian knights
  3 emperor scorpions (Spider:5)
  Aizul (Spider:5)
  Louise (Vaults:2)
  2 orc warlords (D:26)
  11 balrugs
  A curse skull (Crypt:2)
  2 cacodemons
  6 draconian zealots
  Jorgrun (Elf:2)
  3 draconian shifters
  56 stone giants
  5 draconian annihilators
  10 grey draconians
  28 reapers
  A green draconian (Zot:5)
  4 blizzard demons
  5 deep elf demonologists
  2 draconian callers
  7 eidola
  8 purple draconians
  A lorocyproca (Hell)
  3 green deaths
  6 yellow draconians
  6 elemental wellsprings
  Azrael (Elf:2)
  2 black draconians
  6 pale draconians
  12 mottled draconians
  6 deep elf annihilators
  7 white draconians
  An unborn (Crypt:3)
  16 ettins
  2 merfolk javelineers (Shoals:5)
  A vampire knight (D:26)
  10 red draconians
  Snorg (Vaults:2)
  A deep elf death mage (Elf:3)
  6 deep elf high priests
  2 sirens (Shoals:5)
  2 merfolk impalers (Shoals:5)
  41 vault guards
  15 dragons
  17 jiangshi
  2 minotaurs (shapeshifter) (Vaults:5)
  2 merfolk aquamancers
  10 death cobs
  A salamander (Geh:1)
  8 death oozes (Slime:6)
  A minotaur (Lab)
  10 ironheart preservers
  43 yaktaur captains
  10 ice dragons
  4 great orbs of eyes
  Nessos (Spider:1)
  4 dancing weapons (Vaults:4)
  13 hydras
  Erica (Spider:1)
  An anaconda (shapeshifter) (Vaults:5)
  2 ravenous feature mimics (Crypt:4)
  4 deep troll shamans
  An alligator snapping turtle (Shoals:3)
  4 rakshasas
  5 deep troll earth magi
  A spriggan berserker (D:24)
  10 ogre magi
  4 vampire magi
  9 thrashing horrors
  4 death yaks (Lair:8)
  A spectral fire giant (Crypt:5)
  16 soul eaters
  4 very ugly things
  14 wretched stars
  21 hell hogs
  3 shadow wraiths
  Nergalle (D:13)
  A titan skeleton (Crypt:3)
  A spectral purple draconian (Crypt:5)
  A catoblepas (Lair:8)
  8 deep elf knights
  Erolcha (Orc:2)
  30 skeletal warriors
  10 ice devils
  2 storm dragon zombies
  37 centaur warriors
  An unseen horror (shapeshifter) (D:17)
  A shadow demon (Dis:7)
  17 sun demons
  3 fire crabs
  2 wizards (D:26)
  22 hell knights
  27 deep trolls
  50 large abominations
  2 giant orange brains
  5 iron trolls
  3 storm dragon skeletons
  8 unseen horrors
  4 spatial maelstroms (Abyss:5)
  15 sea snakes
  A swamp dragon (Lair:4)
  A harpy (shapeshifter) (D:16)
  An anaconda zombie (Crypt:2)
  4 death drakes (Zot:1)
  The ghost of oinker the Basher, an experienced OgBe of Trog (D:4)
  20 hill giants
  A hill giant (shapeshifter) (Vaults:5)
  A sea snake (shapeshifter) (D:18)
  Pikel (D:7)
  9 ironbrand convokers
  8 harpies (Shoals:5)
  3 shadow dragon zombies
  30 orc knights
  3 deathcaps (Crypt:5)
  7 flaming corpses
  17 necromancers
  12 flayed ghosts
  Joseph (D:9)
  A faun (shapeshifter) (Vaults:5)
  15 phantasmal warriors
  A wolf spider zombie (D:15)
  A spectral ettin (Crypt:3)
  A fire giant zombie (Vaults:3)
  13 stone giant zombies
  11 deep elf conjurers
  6 orc sorcerers
  26 hellions
  A red wasp (shapeshifter) (D:18)
  4 shadow dragon skeletons
  34 wolf spiders
  17 giant amoebae
  A sphinx skeleton (D:18)
  10 hell beasts
  22 iron dragon zombies
  7 griffons
  A hell hog zombie (Hell)
  13 sixfirhies
  3 apocalypse crabs (Abyss:5)
  8 red wasps
  19 moths of wrath
  12 cyclopes
  5 elephants (Lair:7)
  8 spiny worms
  7 stone golems (Elf:3)
  3 frost giant skeletons
  9 shining eyes
  A deep dwarf berserker (D:24)
  2 fire giant skeletons
  2 eyes of devastation
  An elephant (shapeshifter) (D:26)
  6 deep elf summoners
  11 stone giant skeletons
  A dire elephant zombie (Crypt:3)
  5 iron dragon skeletons
  A guardian serpent (shapeshifter) (Vaults:1)
  A spiny frog (shapeshifter) (D:20)
  2 black mambas (Lair:7)
  8 spiny frogs
  A moth of wrath (shapeshifter) (D:18)
  30 orange demons
  An alligator snapping turtle zombie (Crypt:3)
  17 vault sentinels
  2 guardian serpents (Abyss:5)
  98 yaktaurs
  19 tormentors
  3 feature mimics
  A mottled draconian zombie (Abyss:5)
  26 smoke demons
  2 centaur zombies
  3 redback zombies
  3 efreet
  A fire drake (shapeshifter) (D:19)
  9 mermaids
  2 vapours
  13 demonic crawlers
  2 iron troll zombies
  9 deep elf priests
  8 komodo dragons
  2 grey draconian skeletons
  38 hellwings
  2 harpy zombies
  A spectral human (Crypt:3)
  25 iron devils
  16 red devils
  A komodo dragon (shapeshifter) (D:21)
  9 fire drakes
  A yellow draconian skeleton (Abyss:1)
  4 iron troll skeletons
  A minotaur zombie (Lab)
  The ghost of Soner the Chiller, an experienced DEIE (D:7)
  13 ancient zymes (Abyss:5)
  A hydra zombie (D:14)
  A wandering mushroom (Crypt:5)
  19 trolls
  A siren zombie (Crypt:4)
  A catoblepas zombie (Crypt:4)
  A mottled draconian skeleton (Crypt:3)
  Sonja (D:10)
  2 wind drakes (Zot:1)
  20 blue devils
  8 death drake zombies
  13 snapping turtles
  A jumping spider (shapeshifter) (D:22)
  3 silent spectres
  17 orb spiders
  A red wasp zombie (D:14)
  19 blink frogs
  A hydra skeleton (D:17)
  An alligator zombie (Crypt:1)
  A dragon zombie (D:19)
  5 death drake skeletons
  3 guardian serpent zombies (Abyss:5)
  23 two-headed ogres
  4 boulder beetles
  3 ettin zombies
  17 ice dragon zombies
  43 jumping spiders
  127 slime creatures
  A baby alligator (Lair:4)
  A minotaur skeleton (Crypt:4)
  A siren skeleton (Crypt:4)
  An octopode (shapeshifter) (Vaults:4)
  A brown ooze (shapeshifter) (Vaults:2)
  Psyche (D:10)
  A catoblepas skeleton (Crypt:5)
  A blink frog (shapeshifter) (D:18)
  59 flying skulls
  2 ettin skeletons
  18 ice dragon skeletons
  20 vampires
  34 wraiths
  A draconian skeleton (Crypt:2)
  6 basilisks
  154 ugly things
  47 redbacks
  8 grizzly bears
  15 brown oozes
  2 yaks (shapeshifter)
  A guardian serpent skeleton (Abyss:5)
  5 chaos spawn
  25 ynoxinuls
  21 trapdoor spiders
  18 sharks
  25 deep elf magi
  29 tarantellas
  31 water elementals
  A stone giant simulacrum (Vaults:2)
  A dragon skeleton (D:17)
  4 griffon skeletons
  A redback (shapeshifter) (D:26)
  5 wyverns
  3 hill giant zombies
  Eustachio (D:7)
  2 elephant slugs
  2 spiny worm zombies
  10 hungry ghosts
  40 merfolk
  2 tarantellas (shapeshifter)
  7 clay golems
  A golden eye (shapeshifter) (D:17)
  2 steam dragons
  55 yaks
  7 fire elementals
  5 molten gargoyles (Geh:7)
  22 shadows
  26 deep elf fighters
  23 neqoxecs
  10 metal gargoyles (Dis:7)
  36 wolves
  12 golden eyes
  21 hippogriffs
  37 vampire mosquitoes
  5 rock worms
  5 draconians (D:26)
  An iron troll simulacrum (D:20)
  11 human zombies
  20 manticores
  5 spatial vortices (Abyss:5)
  A deep troll zombie (Crypt:2)
  A guardian serpent simulacrum (Abyss:5)
  9 mottled dragons
  63 orc warriors
  67 hell hounds
  5 deep troll skeletons
  A hydra simulacrum (D:15)
  17 freezing wraiths
  3 soldier ants
  14 necrophages
  5 swamp drakes
  11 porcupines
  A swamp dragon zombie (Crypt:3)
  An ice beast (shapeshifter) (D:20)
  10 sky beasts
  4 yellow wasps
  7 black bears
  6 ice beasts
  11 phantoms
  4 tengu (Abyss:1)
  A slave (D:7)
  13 giant goldfish
  50 starcursed masses
  A merfolk skeleton (Crypt:1)
  4 deep dwarves (D:26)
  50 small abominations
  14 crocodiles
  50 ogres
  A boring beetle (D:23)
  54 centaurs
  An elf skeleton (Crypt:5)
  A fire drake zombie (Crypt:1)
  9 lava worms
  A brain worm (shapeshifter) (Vaults:5)
  10 rotting devils
  Duvessa (D:4)
  12 wargs
  2 mermaid zombies
  4 yaktaur zombies
  An ugly thing skeleton (Crypt:1)
  3 big kobolds
  A giant slug (shapeshifter) (Vaults:5)
  6 brain worms
  22 giant slugs
  14 giant frogs
  9 water moccasins
  Blork the orc (Orc:3)
  A faun simulacrum (Crypt:1)
  A yaktaur skeleton (Crypt:2)
  3 draconians (shapeshifter)
  A glowing shapeshifter simulacrum (D:21)
  A spectral boulder beetle (Crypt:4)
  8 agate snails
  An earth elemental (Abyss:5)
  13 insubstantial wisps (Abyss:5)
  2 cyclops zombies
  2 boulder beetle zombies (Vaults:2)
  An eye of draining (shapeshifter) (Elf:1)
  An orb spider zombie (Crypt:4)
  A hippogriff zombie (D:9)
  An elf zombie (Crypt:1)
  2 yak zombies
  5 eyes of draining
  14 jellyfish
  A troll skeleton (Crypt:1)
  A pulsating lump (Slime:6)
  21 electric eels
  A grizzly bear skeleton (Crypt:2)
  2 spectral elves
  2 spectral wolves (D:26)
  3 yak skeletons
  27 crimson imps
  10 killer bees
  40 wights
  Dowan (D:4)
  14 big fish
  2 fire bats (Abyss:5)
  3 lava fish
  10 lava snakes
  A wolf skeleton (Crypt:3)
  7 quasits
  A giant frog zombie (D:5)
  A two-headed ogre zombie (Vaults:4)
  A giant frog skeleton (D:13)
  13 hounds
  A soldier ant zombie (Crypt:2)
  42 spiders
  A water moccasin zombie (Crypt:4)
  45 orc wizards
  A centaur skeleton (D:5)
  4 goliath beetles
  A jelly (shapeshifter) (Vaults:4)
  30 orc priests
  A warg zombie (Crypt:2)
  A water moccasin skeleton (Crypt:2)
  23 iron imps
  A basilisk skeleton (Crypt:2)
  9 worker ants
  12 jellies
  2 orange rats (Elf:1)
  A scorpion (shapeshifter) (D:20)
  10 scorpions
  8 iguanas
  A brain worm zombie (Abyss:5)
  31 sheep
  A demigod zombie (Crypt:5)
  A felid skeleton (Crypt:2)
  A mottled dragon zombie (D:14)
  A crocodile zombie (Crypt:5)
  A big kobold zombie (Ossuary)
  2 hound zombies (Ossuary)
  2 big kobold skeletons
  12 boggarts
  2 deep dwarf skeletons (Abyss:5)
  A dwarf skeleton (Crypt:3)
  2 ogre skeletons
  2 mottled dragon skeletons
  Terence (D:2)
  3 hound skeletons
  27 mummies
  A spectral orange rat (D:21)
  An orange rat zombie (Hell)
  2 worker ant zombies
  18 lemures
  2 sky beast simulacra
  48 green rats
  A mottled dragon simulacrum (D:17)
  2 orange rat skeletons (Hell)
  27 adders
  8 giant centipedes
  5 gnolls
  2 giant mites
  9 shadow imps
  18 white imps
  An inept feature mimic (D:4)
  2 orange rat simulacra (Hell)
  5 worms
  124 ufetubi
  3 orc zombies
  2 adder zombies (Ossuary)
  An iguana skeleton (D:4)
  A halfling zombie (Crypt:2)
  3 adder skeletons
  14 giant eyeballs
  16 giant geckos
  13 oozes
  209 orcs
  3 ball pythons
  21 bats
  A bat zombie (D:8)
  4 giant cockroaches
  A gnoll zombie (Ossuary)
  19 hobgoblins
  19 jackals
  42 kobolds
  10 quokkas
  A training dummy (D:26)
  A ball python skeleton (D:4)
  A giant gecko skeleton (D:4)
  A giant gecko zombie (D:6)
  10 giant newts
  22 goblins
  3 goblin zombies
  A green rat skeleton (Crypt:3)
  A grey rat skeleton (Crypt:1)
  A hobgoblin skeleton (D:5)
  A hobgoblin zombie (Ossuary)
  21 illusory rakshasas
  A jackal zombie (Ossuary)
  2 lurking horrors (Abyss:5)
  A quokka zombie (D:6)
  21 rats
  A rat skeleton (D:5)
  A rat zombie (D:6)
  4 spectral orcs (D:13)
  A crawling corpse (Elf:3)
  8 plants
  3 starspawn tentacles (Abyss:5)
  2 tentacles (Shoals:3)
4969 creatures vanquished.

Vanquished Creatures (collateral kills)
  the royal jelly (Slime:6)
  An ancient lich (Zot:5)
  A greater mummy (Crypt:4)
  Margery (Vaults:4)
  A pandemonium lord (D:12)
  Geryon (Hell)
  A golden dragon (D:20)
  Xtahua (Spider:5)
  An illusory Mara (D:19)
  3 Brimstone Fiends
  A bone dragon (Crypt:5)
  Arachne (Spider:3)
  2 Hell Sentinels (Dis:7)
  2 tentacled monstrosities (Zot:4)
  4 Orb Guardians
  An Ice Fiend (Dis:7)
  A deep elf master archer (Elf:3)
  A quicksilver dragon (Dis:7)
  A kraken (Shoals:3)
  An Executioner (Abyss:5)
  2 acid blobs (Slime:6)
  A storm dragon (Zot:5)
  A tengu reaver (Vaults:5)
  2 shadow dragons (Vaults:5)
  A draconian monk (Zot:2)
  A revenant (Crypt:5)
  A fire giant (Vaults:5)
  A ghoul (Crypt:4)
  An azure jelly (Slime:6)
  A draconian scorcher (Zot:2)
  An iron dragon (Dis:7)
  A tentacled starspawn (Abyss:4)
  4 deep elf sorcerers
  An orc warlord (Orc:4)
  A vault warden (Vaults:4)
  A ghost moth (Spider:5)
  A curse skull (Crypt:1)
  An emperor scorpion (Spider:5)
  A draconian shifter (Zot:5)
  2 draconian annihilators (Zot:2)
  2 reapers
  2 balrugs
  2 deep elf demonologists (Elf:3)
  A draconian caller (Zot:2)
  6 stone giants
  A blizzard demon (Abyss:5)
  3 white draconians
  4 deep elf annihilators (Elf:3)
  A green death (D:8)
  3 black draconians
  2 purple draconians
  3 red draconians
  A merfolk javelineer (Shoals:5)
  4 mottled draconians
  2 yellow draconians
  2 merfolk impalers (Shoals:5)
  4 deep elf death magi (Elf:3)
  2 death oozes (Slime:6)
  An ettin (Abyss:5)
  2 vault guards (Vaults:5)
  A dragon (Zot:5)
  A jiangshi (Crypt:1)
  A great orb of eyes (Vaults:3)
  2 ironheart preservers (Vaults:4)
  2 yaktaur captains (Vaults:1)
  An ice dragon (Zot:2)
  4 merfolk aquamancers (Shoals:5)
  3 ogre magi
  7 death yaks (Lair:8)
  2 orc high priests
  A wretched star (Abyss:4)
  A centaur warrior (Vaults:3)
  2 thrashing horrors
  Urug (Orc:4)
  A spectral elf (Elf:3)
  3 hell hogs
  2 soul eaters
  3 hell knights (Hell)
  2 catoblepae (Lair:8)
  2 deep elf knights
  A death drake (Abyss:5)
  2 sun demons
  2 skeletal warriors
  A spatial maelstrom (Abyss:5)
  An ironbrand convoker (Vaults:5)
  2 deep trolls (D:26)
  A deathcap (Crypt:5)
  A large abomination (Abyss:5)
  A necromancer (Vaults:4)
  3 deep elf conjurers
  A hellion (Abyss:5)
  2 hill giants
  A giant amoeba (shapeshifter) (D:20)
  2 orc knights
  3 orc sorcerers (Orc:4)
  A moth of wrath (Zot:2)
  A red wasp (Spider:5)
  A stone giant skeleton (Crypt:1)
  A fire giant skeleton (D:22)
  A moth of suppression (Spider:3)
  3 sixfirhies
  A spiny frog (Lair:7)
  A yaktaur zombie (Vaults:4)
  A tormentor (D:6)
  A redback zombie (Vaults:2)
  2 mermaids (Shoals:5)
  4 orange demons
  2 smoke demons (Elf:3)
  5 red devils
  4 yaktaurs
  2 trolls
  A guardian mummy (Crypt:2)
  A death drake zombie (Geh:1)
  2 ancient zymes (Abyss:5)
  A komodo dragon (Zot:1)
  9 hellwings
  6 human zombies
  6 iron devils
  2 blue devils
  2 two-headed ogres
  2 flying skulls (Geh:1)
  2 shadows
  3 deep elf magi
  A snapping turtle (Shoals:4)
  8 ugly things
  An elf zombie (Vaults:4)
  An ice dragon skeleton (Geh:4)
  2 ynoxinuls (Abyss:5)
  2 vampires
  3 yaks (Lair:8)
  2 water elementals
  A clay golem (Elf:3)
  A merfolk (Shoals:4)
  2 hell beasts (Hell)
  2 neqoxecs
  A deep elf fighter (Vaults:4)
  A hungry ghost (Crypt:4)
  2 spatial vortices (Abyss:5)
  3 hell hounds
  A vampire mosquito (D:16)
  4 small abominations (Abyss:5)
  7 orc warriors (Orc:4)
  A necrophage (Crypt:4)
  2 ogres
  2 rotting devils
  3 centaurs
  A black bear (Dis:7)
  2 wargs
  2 lost souls
  3 wights
  A lava fish (Geh:6)
  A fire bat (Abyss:5)
  3 lava snakes (Geh:6)
  A crimson imp (Abyss:4)
  9 orc priests
  3 spiders (Spider:3)
  An iron imp (Dis:7)
  A two-headed ogre zombie (Vaults:4)
  A quasit (Crypt:4)
  10 orc wizards
  A sheep (Lair:8)
  3 boggarts
  A tengu skeleton (Abyss:5)
  An orange rat zombie (Hell)
  A giant centipede (D:16)
  2 lemures
  2 white imps
  13 ufetubi
  15 orcs
  A crawling corpse (Elf:3)
  A plant (Lair:8)
  3 tentacles (Shoals:3)
371 creatures vanquished.

Vanquished Creatures (others)
  A tentacled monstrosity (Zot:1)
  An Orb Guardian (Zot:5)
  An eldritch tentacle (Geh:6)
  3 daevas
  A ghost moth (Zot:3)
  2 draconian scorchers
  3 angels
  A stone giant (Vaults:3)
  A green death (Abyss:5)
  A red draconian (Zot:2)
  A wretched star (Abyss:5)
  2 very ugly things (Abyss:5)
  3 air elementals (Abyss:5)
  3 large abominations (Abyss:5)
  2 iron trolls
  3 deep trolls
  A sea snake (Abyss:5)
  A hill giant (Lair:8)
  A black mamba (Abyss:5)
  A spiny worm (Spider:3)
  2 elves (D:26)
  A smoke demon (Abyss:5)
  2 hellwings (Abyss:5)
  A pale draconian skeleton (Abyss:5)
  2 death drake zombies
  2 wandering mushrooms (Crypt:5)
  An orb spider (Abyss:5)
  14 trolls
  7 starcursed masses (Abyss:5)
  4 two-headed ogres
  32 fire elementals
  150 water elementals
  2 ice dragon skeletons
  A steam dragon (Zot:1)
  4 ugly things (Abyss:5)
  A hell hound (Dis:5)
  A necrophage (Geh:6)
  A black bear (Zot:5)
  A swamp drake (Zot:1)
  A gnome (D:26)
  A slave (D:7)
  19 ogres
  A yellow wasp (Abyss:5)
  2 small abominations (Abyss:5)
  A crocodile (Lair:8)
  9 lost souls
  A quasit (D:1)
  An iron imp (Abyss:5)
  A spider (Spider:3)
  An orc priest (D:5)
  A hound (D:7)
  2 humans
  A sheep (Vaults:2)
  A boggart (Vaults:3)
  A lemure (Abyss:5)
  A white imp (Abyss:5)
  2 ufetubi (Abyss:5)
  A giant eyeball (D:12)
  2 orcs
  7 lurking horrors
  102 eldritch tentacle segments (Geh:6)
  7 fungi
  A plant (D:2)
  34 starspawn tentacles (Abyss:5)
  112 starspawn tentacle segments (Abyss:5)
  3 tentacles (Shoals:3)
  57 tentacle segments (Shoals:3)
  2 toadstools (Lair:1)
637 creatures vanquished.

Grand Total: 5977 creatures vanquished

Notes
Turn   | Place    | Note
--------------------------------------------------------------
     0 | D:1      | oinker, the Troll Hunter, began the quest for the Orb.
     0 | D:1      | Reached XP level 1. HP: 20/20 MP: 0/0
   251 | D:1      | Reached XP level 2. HP: 21/28 MP: 0/0
   331 | D:1      | Reached skill level 4 in Throwing
   754 | D:2      | Reached XP level 3. HP: 35/35 MP: 1/1
  1027 | D:2      | Reached XP level 4. HP: 34/42 MP: 1/1
  1049 | D:2      | Noticed Terence
  1057 | D:2      | Killed Terence
  1664 | D:2      | Reached skill level 5 in Throwing
  1709 | D:2      | Reached XP level 5. HP: 49/49 MP: 1/1
  2858 | D:3      | Found a glowing silver altar of Zin.
  2903 | D:3      | Reached XP level 6. HP: 55/58 MP: 2/2
  3014 | D:4      | Noticed oinker's ghost (experienced OgBe)
  3021 | D:4      | Killed oinker's ghost
  3021 | D:4      | Reached skill level 7 in Unarmed Combat
  3021 | D:4      | Reached XP level 7. HP: 41/65 MP: 2/2
  3156 | D:4      | Noticed Duvessa
  3156 | D:4      | Noticed Dowan
  3165 | D:4      | Killed Duvessa
  3172 | D:4      | Killed Dowan
  3268 | D:4      | Reached skill level 8 in Unarmed Combat
  3268 | D:4      | Reached XP level 8. HP: 72/72 MP: 2/2
  3842 | D:4      | Found a snail-covered altar of Cheibriados.
  3846 | D:4      | Gained mutation: You are partially covered in iridescent scales (AC +4). [potion of mutation]
  3846 | D:4      | Gained mutation: You can spit poison. [potion of mutation]
  3846 | D:4      | Gained mutation: You are agile. (Dex +2) [potion of mutation]
  3901 | D:5      | Entered Level 5 of the Dungeon
  4119 | D:5      | Reached skill level 9 in Unarmed Combat
  4236 | D:5      | Found a bloodstained altar of Trog.
  4240 | D:5      | Became a worshipper of Trog the Wrathful
  4347 | D:5      | Found a white marble altar of Elyvilon.
  4599 | D:5      | Reached skill level 10 in Unarmed Combat
  4679 | D:5      | Found a glowing golden altar of the Shining One.
  4682 | D:5      | Found a deep blue altar of Sif Muna.
  4704 | D:5      | Found a radiant altar of Vehumet.
  5200 | D:6      | Found a sand-covered staircase.
  5226 | Ossuary  | Entered an ossuary
  5243 | Ossuary  | Reached XP level 9. HP: 60/79 MP: 3/3
  5598 | D:6      | Reached skill level 11 in Unarmed Combat
  5671 | D:6      | Found a staircase to the Ecumenical Temple.
  5780 | D:6      | Acquired Trog's first power
  5832 | D:6      | Got a smoking great mace
  5833 | D:6      | Identified the cursed -1,+3 great mace of Valiance {speed, Dex+1} (You found it on level 6 of the Dungeon)
  6289 | D:7      | Noticed Eustachio
  6316 | D:7      | Killed Eustachio
  6316 | D:7      | Reached skill level 12 in Unarmed Combat
  6648 | D:7      | Noticed Soner's ghost (experienced DEIE)
  6657 | D:7      | Killed Soner's ghost
  6678 | D:7      | Got a fine flail
  6679 | D:7      | Identified the cursed -1,-1 flail of Fortitude {drain, rC+ MR+} (You took it off an orc on level 7 of the Dungeon)
  6692 | D:7      | Acquired Trog's second power
  6765 | D:7      | Got a shimmering glass ring
  6769 | D:7      | Noticed Pikel
  6778 | D:7      | Killed Pikel
  6778 | D:7      | Reached skill level 13 in Unarmed Combat
  6778 | D:7      | Reached XP level 10. HP: 75/87 MP: 3/3
  7165 | D:8      | Identified the ring "Xolela" {rC+ Str+1 Dex+1} (You found it on level 7 of the Dungeon)
  7172 | D:8      | Paralysed by a potion of paralysis for 2 turns
  7390 | D:8      | Found a basalt altar of Yredelemnul.
  7813 | D:8      | Reached skill level 14 in Unarmed Combat
  7911 | D:9      | Found Fiaprateni's Armour Shoppe.
  7958 | D:9      | Found a staircase to the Orcish Mines.
  8238 | D:9      | Found a roughly hewn altar of Beogh.
  8515 | D:9      | Acquired Trog's third power
  8530 | D:9      | Noticed Joseph
  8537 | D:9      | Killed Joseph
  8606 | D:9      | Got a transparent garnet amulet
  8664 | D:9      | Noticed a centaur warrior
  8664 | D:9      | Noticed a griffon
  8664 | D:9      | Noticed an ice dragon
  8669 | D:9      | Killed a centaur warrior
  8669 | D:9      | Reached skill level 15 in Unarmed Combat
  8669 | D:9      | Reached XP level 11. HP: 80/92 MP: 3/3
  8682 | D:9      | Killed an ice dragon
  8687 | D:9      | Killed a griffon
  8902 | Orc:1    | Entered Level 1 of the Orcish Mines
  9396 | D:10     | Entered Level 10 of the Dungeon
  9542 | D:10     | Noticed a hill giant
  9547 | D:10     | Killed a hill giant
  9558 | D:10     | Noticed Sonja
  9563 | D:10     | Killed Sonja
  9684 | D:10     | Noticed Psyche
  9690 | D:10     | Received a gift from Trog
  9691 | D:10     | Killed Psyche
  9731 | D:10     | Got a warped long sword
  9737 | D:10     | Reached skill level 16 in Unarmed Combat
  9766 | D:10     | Found a portal to a secret trove of treasure.
  9912 | D:10     | Identified the amulet "Vul Yv Jer" {rCorr rF+} (You found it on level 9 of the Dungeon)
  9944 | D:10     | Killed an unseen horror
 10004 | D:10     | Noticed a hill giant
 10023 | D:10     | Killed a hill giant
 10348 | D:11     | Found Pnuv's Armour Emporium.
 10403 | D:11     | Bought a +0 orcish cloak of poison resistance for 53 gold pieces
 10495 | D:11     | Paralysed by a giant eyeball for 4 turns
 10520 | D:11     | Reached skill level 17 in Unarmed Combat
 10521 | D:11     | Reached XP level 12. HP: 81/102 MP: 5/5
 10810 | D:11     | Reached skill level 1 in Evocations
 10928 | D:11     | Found a roughly hewn altar of Beogh.
 11339 | D:11     | Found Branium's Weapon Emporium.
 11493 | D:12     | Paralysed by a giant eyeball for 2 turns
 11711 | D:12     | Noticed a six-headed hydra
 11715 | D:12     | Killed a six-headed hydra
 11822 | D:12     | Reached skill level 18 in Unarmed Combat
 12174 | D:12     | Found a staircase to the Lair.
 12193 | D:12     | Received a gift from Trog
 12535 | Lair:1   | Entered Level 1 of the Lair of Beasts
 12596 | Lair:1   | Identified the +3,+6 long sword "Cedghodeo" {slice, Int+3} (You found it on level 10 of the Dungeon)
 13113 | Lair:1   | Found a blossoming altar of Fedhas.
 13732 | Lair:2   | Received a gift from Trog
 13735 | Lair:2   | Got a twisted sling {god gift}
 13736 | Lair:2   | Identified the sling "Stikkeubir" {god gift, venom, rF+ Dex+1} (Trog gifted it to you on level 2 of the Lair of Beasts)
 13763 | Lair:2   | Reached XP level 13. HP: 84/112 MP: 6/6
 14865 | Lair:3   | Reached skill level 19 in Unarmed Combat
 15460 | Lair:4   | Received a gift from Trog
 15465 | Lair:4   | Got an ancient giant club {god gift}
 15466 | Lair:4   | Identified the giant club of Twilight {god gift, holy, +Fly} (Trog gifted it to you on level 4 of the Lair of Beasts)
 15489 | Lair:4   | Found a staircase to the Shoals.
 15623 | Lair:4   | Reached skill level 5 in Fighting
 15971 | Lair:4   | Found a staircase to the Swamp.
 15977 | Lair:4   | Reached skill level 1 in Shields
 16010 | Lair:4   | the staircase to the Swamp was a mimic.
 16623 | Lair:5   | Received a gift from Trog
 16911 | Lair:5   | Found a hole to the Spider Nest.
 17399 | Lair:6   | Received a gift from Trog
 17414 | Lair:6   | Got an encrusted giant club {god gift}
 17431 | Lair:6   | Reached skill level 5 in Shields
 18454 | Lair:7   | Reached XP level 14. HP: 95/122 MP: 6/6
 19387 | Lair:7   | Received a gift from Trog
 19512 | Lair:8   | Entered Level 8 of the Lair of Beasts
 19975 | Lair:8   | Found a viscous altar of Jiyva.
 19975 | Lair:8   | Found a staircase to the Slime Pits.
 20122 | Lair:8   | Received a gift from Trog
 20201 | Lair:8   | Reached skill level 10 in Shields
 21152 | Orc:2    | Noticed Erolcha
 21160 | Orc:2    | Killed Erolcha
 21673 | Orc:3    | Received a gift from Trog
 21728 | Orc:3    | Noticed Blork the orc
 21741 | Orc:3    | Killed Blork the orc
 21761 | Orc:3    | Received a gift from Trog
 22222 | Orc:4    | Entered Level 4 of the Orcish Mines
 22228 | Orc:4    | Paralysed by an orc sorcerer for 6 turns
 22276 | Orc:4    | Noticed an orc warlord
 22345 | Orc:4    | Found a staircase to the Elven Halls.
 22515 | Orc:4    | Found a roughly hewn altar of Beogh.
 22594 | Orc:4    | Found Gruuc's Book Emporium.
 22594 | Orc:4    | Found Stratait's Antique Armour Shoppe.
 22594 | Orc:4    | Found Peluavir's Weapon Shoppe.
 22640 | Orc:4    | Received a gift from Trog
 22662 | Orc:4    | Found Grazereh's Magic Scroll Emporium.
 22700 | Orc:4    | Received a gift from Trog
 22728 | Orc:4    | Bought a scroll of enchant armour for 55 gold pieces
 22906 | Orc:4    | Received a gift from Trog
 22965 | Orc:4    | Noticed Urug
 22991 | Orc:4    | Killed Urug
 23023 | Orc:4    | Killed an orc warlord
 23559 | D:13     | Noticed Nergalle
 23568 | D:13     | Killed Nergalle
 23756 | D:13     | Received a gift from Trog
 24247 | D:14     | Entered Level 14 of the Dungeon
 24265 | D:14     | Reached XP level 15. HP: 133/133 MP: 9/9
 24305 | D:14     | Identified a +0 rod of frigid destruction (12/12) (You found it on level 14 of the Dungeon)
 24324 | D:14     | Found a labyrinth entrance.
 24334 | Lab      | Entered a labyrinth
 25593 | Lab      | Got a scintillating steel ring
 25770 | D:14     | Paralysed by a giant eyeball for 3 turns
 25774 | D:14     | Paralysed by a giant eyeball for 4 turns
 26607 | D:15     | Entered Level 15 of the Dungeon
 26617 | D:15     | Received a gift from Trog
 26755 | D:15     | Identified the ring "Tirphifa" {Regen rC-} (You found it in a labyrinth)
 26837 | D:15     | Found Bapabuid's Weapon Shop.
 26922 | D:15     | Bapabuid's Weapon Shop was a mimic.
 27225 | D:15     | Received a gift from Trog
 27656 | Lair:1   | Upgraded the game from 0.13-a0-2859-gb62c5ab to 0.13-a0-2884-gbbf8bdf
 27796 | Shoals:1 | Entered Level 1 of the Shoals
 27853 | Shoals:1 | Reached skill level 1 in Armour
 29214 | Shoals:3 | Noticed a kraken
 29231 | Shoals:3 | Killed a kraken
 29752 | Shoals:4 | Noticed Norris
 29754 | Shoals:4 | Found Kevvanlilu's General Store.
 29760 | Shoals:4 | Paralysed by Norris for 2 turns
 29784 | Shoals:4 | Killed Norris
 29976 | Shoals:4 | Reached skill level 5 in Armour
 30183 | Shoals:4 | Identified a scroll of acquirement
 30512 | Shoals:5 | Entered Level 5 of the Shoals
 30619 | Shoals:5 | Reached XP level 16. HP: 143/147 MP: 9/9
 30692 | Shoals:5 | Received a gift from Trog
 30705 | Shoals:5 | Got a barnacled rune of Zot
 30906 | Shoals:5 | Noticed Ilsuiw
 30949 | Shoals:5 | Received a gift from Trog
 31746 | Shoals:5 | Killed Ilsuiw
 33225 | D:16     | Found a basalt altar of Yredelemnul.
 33621 | D:16     | Received a gift from Trog
 34027 | D:17     | Received a gift from Trog
 34115 | D:17     | Noticed Nikola
 34125 | D:17     | Killed Nikola
 34551 | D:17     | Noticed Roxanne
 34572 | D:17     | Got a brightly glowing marble ring
 34901 | D:17     | Lost intelligence.
 35057 | D:17     | Found an iron altar of Okawaru.
 35701 | D:17     | Received a gift from Trog
 36098 | D:18     | Reached XP level 17. HP: 159/159 MP: 11/11
 36356 | D:18     | Reached skill level 5 in Dodging
 36364 | D:18     | Got a smoking cloak
 36377 | D:18     | Identified the cursed -4 cloak of Lilacs {MR++} (You found it on level 18 of the Dungeon)
 36378 | D:18     | Identified the ring "Bunul" {rElec rF++ MR Dex+3} (You took it off a centaur warrior on level 17 of the Dungeon)
 36721 | D:18     | Received a gift from Trog
 37401 | D:19     | Noticed Mara
 37405 | D:19     | Noticed Mara
 37405 | D:19     | Noticed Mara
 37412 | D:19     | Killed Mara
 37415 | D:19     | Killed Mara
 37432 | D:19     | Killed Mara
 38162 | D:19     | Found a staircase to the Vaults.
 38224 | D:20     | Entered Level 20 of the Dungeon
 38440 | D:20     | Received a gift from Trog
 38916 | D:20     | Reached skill level 10 in Fighting
 39165 | D:20     | Noticed a golden dragon
 39183 | D:20     | Killed a golden dragon
 39183 | D:20     | Reached skill level 20 in Unarmed Combat
 39677 | D:20     | Received a gift from Trog
 40137 | D:21     | Found Patuj's Assorted Antiques.
 40595 | D:21     | Found Amufaacs' Book Shoppe.
 40645 | D:21     | Bought a manual of Unarmed Combat for 2097 gold pieces
 40682 | D:21     | Reached XP level 18. HP: 167/170 MP: 13/13
 40755 | D:21     | Found a gateway to Hell.
 40756 | D:21     | Found Groatz's Jewellery Boutique.
 40774 | D:21     | Bought an uncursed ring of see invisible for 255 gold pieces
 40836 | D:21     | Found Cregige's Distillery.
 41240 | D:22     | Received a gift from Trog
 41713 | D:22     | Reached skill level 21 in Unarmed Combat
 42093 | D:23     | Found a corrupted altar of Lugonu.
 42118 | D:23     | Found a one-way gate to the infinite horrors of the Abyss.
 42310 | D:23     | Received a gift from Trog
 42952 | Spider:1 | Entered Level 1 of the Spider Nest
 42963 | Spider:1 | Received a gift from Trog
 43039 | Spider:1 | Noticed Erica
 43060 | Spider:1 | Killed Erica
 43207 | Spider:1 | Reached skill level 22 in Unarmed Combat
 43319 | Spider:1 | Noticed Nessos
 43330 | Spider:1 | Killed Nessos
 43739 | Spider:1 | Received a gift from Trog
 44572 | Spider:2 | Received a gift from Trog
 44767 | Spider:3 | Noticed Arachne
 44794 | Spider:3 | Killed Arachne
 45872 | Spider:4 | Reached skill level 10 in Dodging
 46009 | Spider:4 | Received a gift from Trog
 46301 | Spider:4 | Received a gift from Trog
 46442 | Spider:5 | Entered Level 5 of the Spider Nest
 46547 | Spider:5 | Noticed Xtahua
 46555 | Spider:5 | Killed Xtahua
 46585 | Spider:5 | Received a gift from Trog
 46629 | Spider:5 | Reached XP level 19. HP: 145/180 MP: 14/14
 46983 | Spider:5 | Received a gift from Trog
 47038 | Spider:5 | Got a gossamer rune of Zot
 47393 | Spider:5 | Noticed Aizul
 47409 | Spider:5 | Killed Aizul
 47419 | Spider:5 | Received a gift from Trog
 48429 | D:21     | Bought a manual of Unarmed Combat for 2097 gold pieces
 48541 | Vaults:1 | Entered Level 1 of the Vaults
 48541 | Vaults:1 | Found Cehezamp's Armour Boutique.
 48549 | Vaults:1 | Received a gift from Trog
 48760 | Vaults:1 | Reached skill level 23 in Unarmed Combat
 49498 | Vaults:1 | Received a gift from Trog
 49873 | Vaults:1 | Reached skill level 24 in Unarmed Combat
 50441 | Vaults:1 | Received a gift from Trog
 50564 | Vaults:2 | Received a gift from Trog
 50795 | Vaults:2 | Noticed Snorg
 50807 | Vaults:2 | Killed Snorg
 50954 | Vaults:2 | Noticed Louise
 50971 | Vaults:2 | Killed Louise
 51009 | Vaults:2 | Noticed Agnes
 51016 | Vaults:2 | Killed Agnes
 51148 | Vaults:2 | Reached skill level 25 in Unarmed Combat
 51644 | Vaults:2 | Reached XP level 20. HP: 184/191 MP: 18/18
 51653 | Vaults:2 | Received a gift from Trog
 51936 | Vaults:2 | Found a staircase to the Crypt.
 52474 | Vaults:3 | Got a fine cloak
 52504 | Vaults:3 | Identified the cursed -3 cloak of Fallacy {rC+ Acc+4 Stlth+} (You found it on level 3 of the Vaults)
 52555 | Vaults:3 | Received a gift from Trog
 52948 | Vaults:3 | Received a gift from Trog
 52948 | Vaults:3 | Reached skill level 10 in Throwing
 52959 | Vaults:3 | Reached skill level 5 in Evocations
 53205 | Vaults:3 | Received a gift from Trog
 53421 | Vaults:4 | Noticed Margery
 54151 | Vaults:4 | Received a gift from Trog
 54181 | Vaults:4 | Noticed Mennas
 54214 | Vaults:4 | Killed Mennas
 54497 | Vaults:4 | Killed Margery
 54497 | Vaults:4 | Reached skill level 10 in Armour
 54538 | Vaults:4 | Noticed Frederick
 54557 | Vaults:4 | Killed Frederick
 54557 | Vaults:4 | Reached XP level 21. HP: 157/207 MP: 24/24
 54806 | Vaults:4 | Found an iron altar of Okawaru.
 54847 | Vaults:4 | Found a staircase to the Hall of Blades.
 55125 | Vaults:4 | Received a gift from Trog
 56146 | Elf:1    | Entered Level 1 of the Elven Halls
 56395 | Elf:1    | Got a twisted shield
 56396 | Elf:1    | Identified the cursed -7 shield "Kenixet" {rF+ MR+} (You found it on level 1 of the Elven Halls)
 56620 | Elf:1    | Got a faintly glowing cloak
 56625 | Elf:1    | Identified the +2 cloak of Jytamaivuf {Dex+3 Int+3 Curse} (You found it on level 1 of the Elven Halls)
 56777 | Elf:2    | Found Qadepp's Antique Armour Emporium.
 56875 | Elf:2    | Found Phaiv's Antique Weapon Boutique.
 56909 | Elf:2    | Found Luhe's Magical Wand Shoppe.
 56925 | Elf:2    | Found Iteickem's Gadget Emporium.
 56953 | Elf:2    | Noticed Jorgrun
 56963 | Elf:2    | Killed Jorgrun
 57065 | Elf:2    | Received a gift from Trog
 57167 | Elf:2    | Found Crawyi's Jewellery Emporium.
 57170 | Elf:2    | Crawyi's Jewellery Emporium was a mimic.
 57231 | Elf:2    | Noticed Azrael
 57249 | Elf:2    | Killed Azrael
 57634 | Elf:3    | Entered Level 3 of the Elven Halls
 57899 | Elf:3    | Received a gift from Trog
 58074 | Elf:3    | Noticed Kirke
 58088 | Elf:3    | Killed Kirke
 58434 | Elf:3    | Noticed Rupert
 58445 | Elf:3    | Killed Rupert
 58739 | Elf:3    | Cast into the Abyss (deep elf sorcerer)
 58739 | Abyss:1  | Found a corrupted altar of Lugonu.
 58824 | Abyss:1  | Received a gift from Trog
 59066 | Abyss:1  | Paralysed by accursed screaming for 1 turns
 59090 | Abyss:1  | Received a gift from Trog
 59700 | Abyss:1  | Reached XP level 22. HP: 221/221 MP: 27/27
 59757 | Elf:3    | Escaped the Abyss
 59768 | Elf:3    | Got a steaming lead ring
 59769 | Elf:3    | Identified the ring "Tuejeaz" {MR++ Str+2 Dex-3 Int+3 SInv} (You found it on level 3 of the Elven Halls)
 59823 | Elf:3    | Received a gift from Trog
 59999 | Elf:3    | Got a twitching steel ring
 60006 | Elf:3    | Identified the ring of the Magpie {Int-3 SInv} (You found it on level 3 of the Elven Halls)
 60957 | Vaults:5 | Entered Level 5 of the Vaults
 61135 | Vaults:4 | Received a gift from Trog
 61466 | Vaults:5 | HP: 12/331 [vault warden/ bolt (14)]
 61602 | Vaults:5 | Reached skill level 15 in Armour
 61905 | Vaults:5 | Got a silver rune of Zot
 61945 | Vaults:5 | Received a gift from Trog
 62086 | Vaults:5 | Got a bloodstained shield
 62100 | Vaults:5 | Identified the cursed +5 shield "Craiz" {rPois rC++} (You found it on level 5 of the Vaults)
 62311 | Vaults:5 | Received a gift from Trog
 62383 | Vaults:5 | Reached skill level 15 in Fighting
 62902 | Vaults:5 | Reached XP level 23. HP: 120/232 MP: 28/28
 63087 | Vaults:5 | Received a gift from Trog
 63485 | Vaults:5 | Received a gift from Trog
 63601 | Vaults:5 | Got an ancient pewter ring
 63604 | Vaults:5 | Identified the ring "Sicek" {+Blink Dex+3} (You found it on level 5 of the Vaults)
 64789 | D:23     | Received a gift from Trog
 65181 | D:24     | Received a gift from Trog
 65244 | D:24     | Found Urui's Book Emporium.
 65279 | D:24     | Found Vegadese's General Store.
 65417 | D:24     | Found a one-way gate leading to the halls of Pandemonium.
 65432 | D:24     | Found Xeiplorch's Assorted Antiques.
 65642 | D:24     | Received a gift from Trog
 65654 | D:24     | Found Ygast's Weapon Shop.
 65867 | D:24     | Got a fine mottled dragon armour
 65883 | D:24     | Identified the cursed +0 mottled dragon armour "Woilud" {+Inv} (You found it on level 24 of the Dungeon)
 66017 | D:25     | Entered Level 25 of the Dungeon
 66164 | D:25     | Noticed Boris
 66183 | D:25     | Killed Boris
 66268 | D:25     | Received a gift from Trog
 67708 | D:26     | Received a gift from Trog
 67791 | D:26     | Reached XP level 24. HP: 132/243 MP: 29/29
 68279 | D:26     | Received a gift from Trog
 68755 | D:26     | Received a gift from Trog
 68957 | D:26     | Found The Legendary Duovezuf's Legendary Smithy.
 69103 | D:26     | Found Stan's Special Sausages.
 69148 | D:26     | Found Yntem's Miraculous Elixirs.
 69188 | D:26     | Found Xidghosh's Slaves and Accessories.
 69202 | D:26     | Bought a wand of hasting (5) for 1188 gold pieces
 69343 | D:27     | Entered Level 27 of the Dungeon
 69586 | D:27     | Found a blossoming altar of Fedhas.
 69631 | D:27     | Got a transparent glass ring
 69632 | D:27     | Identified the ring of Wishful Thinking {Hunger rF+ Dam+5} (You found it on level 27 of the Dungeon)
 69645 | D:27     | Noticed Saint Roka
 69650 | D:27     | Received a gift from Trog
 69660 | D:27     | Killed Saint Roka
 70104 | D:27     | Received a gift from Trog
 70310 | D:27     | Received a gift from Trog
 70565 | D:27     | Reached skill level 10 in Evocations
 71257 | Lair:1   | Upgraded the game from 0.13-a0-2884-gbbf8bdf to 0.13-a0-2899-gc7fce8a
 71594 | Slime:1  | Entered Level 1 of the Pits of Slime
 71598 | Slime:1  | Paralysed by a giant eyeball for 3 turns
 71612 | Slime:1  | Paralysed by a giant eyeball for 4 turns
 71812 | Slime:2  | Paralysed by a giant eyeball for 4 turns
 71818 | Slime:2  | Reached skill level 15 in Shields
 71860 | Slime:2  | Lost mutation: You are agile. (Dex +2) [a shining eye]
 72372 | Slime:1  | Paralysed by a giant eyeball for 4 turns
 72399 | Slime:1  | Paralysed by a giant eyeball for 4 turns
 72603 | Slime:1  | Paralysed by a giant eyeball for 4 turns
 72614 | Slime:2  | Received a gift from Trog
 73003 | Slime:3  | Paralysed by a giant eyeball for 3 turns
 73498 | Slime:5  | Reached XP level 25. HP: 255/255 MP: 31/31
 73537 | Slime:5  | Received a gift from Trog
 74374 | Slime:6  | Entered Level 6 of the Pits of Slime
 74404 | Slime:6  | Reached skill level 15 in Dodging
 74559 | Slime:5  | Paralysed by a giant eyeball for 4 turns
 74565 | Slime:5  | Paralysed by a giant eyeball for 3 turns
 74571 | Slime:5  | Received a gift from Trog
 74702 | Slime:6  | Paralysed by a giant eyeball for 4 turns
 75088 | Slime:6  | Paralysed by a giant eyeball for 2 turns
 75094 | Slime:6  | Paralysed by a giant eyeball for 3 turns
 75211 | Slime:6  | Found a viscous altar of Jiyva.
 75596 | Slime:6  | Noticed the royal jelly
 75682 | Slime:6  | Killed the royal jelly
 75725 | Slime:6  | Got a slimy rune of Zot
 75754 | Slime:6  | Got an ancient iron ring
 75776 | Slime:6  | Got an ancient iron ring
 75873 | Slime:6  | Identified the ring "Upad" {rPois rN+ Int+3} (You found it on level 6 of the Pits of Slime)
 75874 | Slime:6  | Identified the ring of the Priest {+/*Tele Int+2 SInv} (You found it on level 6 of the Pits of Slime)
 76358 | Trove    | Entered a treasure trove
 76395 | Trove    | Got a faintly glowing cap
 76423 | Trove    | Identified the +0 cap of Lugonu's Condemnation {rPois rF+ MR+ Str+4} (You found it in a treasure trove)
 76880 | Zot:1    | Entered Level 1 of the Realm of Zot
 76883 | Zot:1    | Found a shattered altar of Ashenzari.
 77059 | Zot:1    | Received a gift from Trog
 77542 | Zot:1    | Received a gift from Trog
 78372 | Zot:2    | Received a gift from Trog
 78892 | Zot:1    | Received a gift from Trog
 79654 | Hell     | Entered the Vestibule of Hell
 79654 | Hell     | Noticed Geryon
 79686 | D:21     | Received a gift from Trog
 79756 | Hell     | Noticed Murray
 79767 | D:21     | Reached XP level 26. HP: 234/257 MP: 34/34
 80850 | Zot:3    | Received a gift from Trog
 81576 | Zot:4    | Received a gift from Trog
 82282 | Hell     | Killed Geryon
 82387 | Hell     | Received a gift from Trog
 82537 | Hell     | Killed Murray
 83168 | Hell     | Delarado: hi, im considering doign hell on my DEFE at the moment, what are your thoughtas on it?
 83776 | D:5      | Fell from the grace of Trog
 83776 | D:5      | Became a worshipper of the Shining One
 84530 | D:24     | Bought an apple for 9 gold pieces
 84530 | D:24     | Bought a meat ration for 48 gold pieces
 84531 | D:24     | Bought 14 strawberries for 16 gold pieces
 84802 | Crypt:1  | Entered Level 1 of the Crypt
 85489 | Crypt:1  | Acquired the Shining One's first power
 85815 | Crypt:1  | Found a basalt altar of Yredelemnul.
 85821 | Crypt:1  | Acquired the Shining One's second power
 86765 | Crypt:2  | Found a staircase to the Tomb.
 87006 | Crypt:3  | Noticed Wiglaf
 87019 | Crypt:3  | Killed Wiglaf
 87341 | Crypt:3  | Acquired the Shining One's third power
 88098 | Crypt:4  | Noticed Boris
 88102 | Crypt:4  | Reached XP level 27. HP: 266/272 MP: 36/36
 88113 | Crypt:4  | Killed Boris
 88234 | Crypt:4  | Noticed Khufu
 88455 | Crypt:4  | Killed Khufu
 88834 | Crypt:5  | Entered Level 5 of the Crypt
 88966 | Crypt:5  | Reached skill level 5 in Invocations
 89124 | Crypt:5  | Noticed Jory
 89138 | Crypt:5  | Killed Jory
 89316 | Crypt:5  | Acquired the Shining One's fourth power
 89455 | Crypt:5  | Noticed an ancient lich
 89455 | Crypt:5  | Noticed an ancient lich
 89850 | Crypt:4  | Noticed an ancient lich
 89856 | Crypt:4  | Killed an ancient lich
 90779 | Crypt:4  | Noticed Sojobo
 90788 | Crypt:4  | Killed Sojobo
 91380 | D:21     | Bought a potion of heal wounds for 93 gold pieces
 91380 | D:21     | Bought 2 potions of heal wounds for 186 gold pieces
 91424 | D:21     | Bought a potion of curing for 34 gold pieces
 91424 | D:21     | Bought a potion of curing for 34 gold pieces
 91424 | D:21     | Bought 2 potions of heal wounds for 102 gold pieces
 91424 | D:21     | Bought a potion of curing for 34 gold pieces
 91499 | Geh:1    | Entered Level 1 of Gehenna
 91505 | Geh:1    | Reached skill level 10 in Invocations
 91621 | Geh:1    | Lost intelligence.
 92297 | Geh:5    | Reached skill level 15 in Evocations
 92694 | Geh:7    | Entered Level 7 of Gehenna
 93413 | Geh:7    | Noticed Asmodeus
 93442 | Geh:7    | Killed Asmodeus
 93459 | Geh:7    | Got an obsidian rune of Zot
 94118 | Orc:4    | Bought a scroll of remove curse for 30 gold pieces
 94118 | Orc:4    | Bought a scroll of blinking for 55 gold pieces
 94118 | Orc:4    | Bought a scroll of remove curse for 30 gold pieces
 94676 | Zot:5    | Entered Level 5 of the Realm of Zot
 95027 | Zot:5    | Noticed an orb of fire
 95029 | Zot:5    | Noticed an orb of fire
 95038 | Zot:5    | Gained mutation: You occasionally shout uncontrollably. [an orb of fire]
 95044 | Zot:5    | Gained mutation: You are clumsy. (Dex -2) [an orb of fire]
 95046 | Zot:5    | Gained mutation: Your vision is a little blurry. [an orb of fire]
 95054 | Zot:5    | Killed an orb of fire
 95058 | Zot:5    | Killed an orb of fire
 95202 | Zot:5    | Noticed an ancient lich
 95545 | Zot:5    | Noticed an orb of fire
 95565 | Zot:5    | Killed an orb of fire
 95682 | Zot:5    | Was placed under penance by the Shining One
 95996 | Zot:5    | Killed an ancient lich
 96326 | Zot:5    | Noticed an ancient lich
 96332 | Zot:5    | Killed an ancient lich
 96620 | Dis:1    | Entered Level 1 of the Iron City of Dis
 96630 | Dis:1    | Was forgiven by the Shining One
 96642 | Dis:1    | Paralysed by the effects of Hell for 6 turns
 97851 | Dis:7    | Entered Level 7 of the Iron City of Dis
 97863 | Dis:7    | Lost intelligence.
 98319 | Lair:1   | Lost mutation: Your vision is a little blurry. [potion of cure mutation]
 98319 | Lair:1   | Lost mutation: You occasionally shout uncontrollably. [potion of cure mutation]
 98319 | Lair:1   | Lost mutation: You are clumsy. (Dex -2) [potion of cure mutation]
 98841 | D:23     | Voluntarily entered the Abyss.
 99227 | Abyss:5  | Entered Level 5 of the Abyss
 99289 | Abyss:5  | Paralysed by you for 7 turns
 99691 | Abyss:5  | Found a corrupted altar of Lugonu.
 99752 | Abyss:5  | Found an iron altar of Okawaru.
 99784 | Abyss:5  | Lost intelligence.
 99868 | Abyss:5  | Gained mutation: Your vision is a little blurry. [a neqoxec]
 99869 | Abyss:5  | Gained mutation: Space occasionally distorts in your vicinity. [a neqoxec]
100151 | Abyss:5  | Paralysed by accursed screaming for 1 turns
100157 | Abyss:5  | Paralysed by accursed screaming for 1 turns
100644 | Abyss:5  | Reached skill level 26 in Unarmed Combat
100723 | Abyss:5  | Lost intelligence.
100821 | Abyss:5  | Paralysed by accursed screaming for 1 turns
101484 | Abyss:5  | Lost intelligence.
101534 | Abyss:5  | Paralysed by an ettin for 2 turns
101690 | Abyss:5  | Found a burning altar of Makhleb.
101926 | Abyss:5  | Reached skill level 27 in Unarmed Combat
101961 | D:23     | Escaped the Abyss
101965 | D:23     | Upgraded the game from 0.13-a0-2899-gc7fce8a to 0.13-a0-2923-g04ac8d1
102245 | Hell     | Lost mutation: Your vision is a little blurry. [potion of cure mutation]
102245 | Hell     | Lost mutation: You can spit poison. [potion of cure mutation]
102245 | Hell     | Lost mutation: Space occasionally distorts in your vicinity. [potion of cure mutation]
102751 | Dis:3    | You fall through a shaft!
103645 | Dis:7    | Identified The Arcane Secrets of Witchery
103788 | Dis:7    | Noticed Dispater
103818 | Dis:7    | Killed Dispater
103846 | Dis:7    | Got an iron rune of Zot
103999 | Dis:7    | Gained mutation: Your digestive system is specialised to digest meat. [mutagenic glow]
104039 | Dis:7    | Gained mutation: You tend to lose your temper in combat. [mutagenic glow]
104592 | Zot:5    | Got the Orb of Zot
105256 | D:12     | Noticed Guenon the pandemonium lord
105266 | D:12     | Killed Guenon the pandemonium lord
105362 | D:10     | Noticed Jees the pandemonium lord
105379 | D:9      | Killed Jees the pandemonium lord
105938 | D:2      | Noticed Simaywne the pandemonium lord
106166 | D:1      | Noticed Eluhuar the pandemonium lord
106183 | D:1      | Killed Eluhuar the pandemonium lord
106567 | D:1      | Noticed Stral the pandemonium lord
106572 | D:1      | Killed Stral the pandemonium lord
107047 | D:1      | Noticed Quucol the pandemonium lord
107058 | D:1      | Killed Quucol the pandemonium lord
107081 | D:1      | Noticed Inuep the pandemonium lord
107090 | D:1      | Killed Inuep the pandemonium lord
107111 | D:$      | Escaped with the Orb!

Action                   |  1- 3 |  4- 6 |  7- 9 | 10-12 | 13-15 | 16-18 | 19-21 | 22-24 | 25-27 || total
-------------------------+-------+-------+-------+-------+-------+-------+-------+-------+-------++-------
Melee: Unarmed           |   168 |   205 |   372 |   802 |  1898 |  2353 |  2323 |  1895 |  5360 || 15376
       Long sword        |       |       |       |       |       |       |       |       |    13 ||    13
Throw: Large rock        |     2 |    10 |    38 |    85 |   152 |     9 |     1 |    71 |    54 ||   422
       Throwing net      |       |     1 |     2 |     1 |       |       |       |       |       ||     4
       Javelin           |       |       |       |     8 |    23 |   207 |   150 |    31 |       ||   419
Invok: Berserk           |       |       |     1 |     4 |     7 |     7 |     7 |     5 |     5 ||    36
       Burn Spellbooks   |       |       |       |     1 |     6 |     4 |     3 |     7 |     3 ||    24
       Brothers in Arms  |       |       |       |       |    22 |    11 |    20 |    12 |    17 ||    82
       Trog's Hand       |       |       |       |       |       |       |     2 |     2 |     1 ||     5
       Summon Divine War |       |       |       |       |       |       |       |       |    21 ||    21
       Divine Shield     |       |       |       |       |       |       |       |       |     1 ||     1
       Cleansing Flame   |       |       |       |       |       |       |       |       |     1 ||     1
Evoke: Wand              |       |       |     1 |    13 |    11 |    29 |    17 |     6 |    24 ||   101
       Miscellaneous     |       |       |       |       |     4 |    13 |    14 |    16 |   133 ||   180
  Use: Scroll            |       |     7 |    12 |    13 |    21 |     8 |     7 |    18 |    30 ||   116
       Potion            |       |       |     8 |     8 |     8 |     9 |     4 |    22 |    36 ||    95
 Stab: Held in net/web   |       |     2 |     2 |       |       |       |       |       |       ||     4
       Sleeping          |       |       |       |     2 |     6 |     3 |     6 |       |       ||    17
       Distracted        |       |       |       |     1 |     1 |     5 |     6 |     3 |    29 ||    45
       Invisible         |       |       |       |       |     8 |       |       |     3 |       ||    11
       Confused          |       |       |       |       |       |       |       |       |     2 ||     2
       Fleeing           |       |       |       |       |       |       |       |       |     2 ||     2
